 Dungeon Crawl Stone Soup version 0.31-a0-609-g7bf6ffcfed (webtiles) character file.

Game seed: 592808531717090385

205 rjrrt the Chopper (level 5, 0/47 HPs)
             Began as a Hill Orc Fighter on Aug 21, 2023.
             Constricted to death by a gnoll (2 damage)
             ... led by a gnoll bouda
             ... on level 3 of the Dungeon.
             The game lasted 00:05:19 (1927 turns).

rjrrt the Chopper (Hill Orc Fighter)                Turns: 1927, Time: 00:05:20

Health: 0/47       AC:  9    Str: 21    XL:     5   Next: 83%
Magic:  5/5        EV:  6    Int:  8    God:
Gold:   88         SH:  4    Dex: 10    Spells: 4/4 levels left

rFire   . . .        a - +0 war axe
rCold   . . .        c - +0 buckler
rNeg    . . .        j - +0 scale mail
rPois   .            (no helmet)
rElec   .            o - +0 cloak
rCorr   .            (no gloves)
SInv    .            k - +0 pair of boots
Will    .....        (no amulet) Stlth
                     (no ring)
HPRegen 0.27/turn    (no ring)
MPRegen 0.09/turn

%: no passive effects
@: grasped by roots, constricted
A: no striking features
a: no special abilities


You were on level 3 of the Dungeon.
You visited 1 branch of the dungeon, and saw 3 of its levels.

You collected 153 gold pieces.
You spent 65 gold pieces at shops.

Inventory:

Hand Weapons
 a - a +0 war axe (weapon)
 b - a +0 trident
Missiles
 f - 8 boomerangs (quivered)
Armour
 c - a +0 buckler (worn)
 j - a +0 scale mail (worn)
 k - a +0 pair of boots (worn)
 o - a +0 cloak (worn)
Wands
 q - a wand of flame (22)
Scrolls
 i - 3 scrolls of teleportation
Potions
 d - a potion of might
 e - a potion of degeneration {unknown}
 g - a potion of heal wounds
 h - a potion of berserk rage
 l - a potion of brilliance {unknown}
 m - 2 potions of curing
 n - 2 potions of attraction {unknown}
 p - a potion of lignification {unknown}


   Skills:
 + Level 4.7 Fighting
 * Level 5.3 Axes
 + Level 4.2 Armour
 + Level 4.2 Shields


You had 4 spell levels left.
You didn't know any spells.
Your spell library contained the following spells:

 Spells                   Type           Power      Damage    Failure   Level
 Ignite Poison            Fire/Tmut/Pois 0%         N/A       99%         3
 Sticky Flame             Conj/Fire      0%         2d3       100%        4
 Ignition                 Fire           0%         3d3       100%        8


Dungeon Overview and Level Annotations

Branches:
Dungeon (3/15)

Altars:

Shops:
D:2 ?*


Message History

The gnoll barely misses you. The grasping roots constrict you.
You block the gnoll's attack. The grasping roots constrict you.
The grasping roots release their grip on you.
Unknown command.
You hit the gnoll.
The gnoll is heavily wounded.
The gnoll hits you with a +0 halberd.
Unknown command.
You barely miss the gnoll.
The gnoll is heavily wounded.
The gnoll zaps a wand.
The roots erupt in riotous growth!
The grasping roots grab you!
The gnoll is unaffected.
The grasping roots constrict you.
Unknown command.
You barely miss the gnoll.
The gnoll is heavily wounded.
The gnoll hits you but does no damage. The grasping roots constrict you.
You block the gnoll's attack. The grasping roots constrict you.
Unknown command.
You closely miss the gnoll.
The gnoll is heavily wounded.
The gnoll hits you but does no damage. The grasping roots constrict you.
The grasping roots release their grip on you.
Unknown command.
You hit the gnoll.
The gnoll is severely wounded.
The gnoll zaps a wand.
The roots erupt in riotous growth!
The grasping roots grab you!
The gnoll is unaffected.
The grasping roots constrict you.
* * * LOW HITPOINT WARNING * * *
Unknown command.
Unknown command.
You closely miss the gnoll.
The gnoll is severely wounded.
The gnoll hits you with a +0 halberd.
* * * LOW HITPOINT WARNING * * *
The grasping roots constrict you.
* * * LOW HITPOINT WARNING * * *
The gnoll closely misses you. The grasping roots constrict you.
You die...

...)# ####.### #..... #####
#......# #.....
#################......#####.....
.........................#.......
####### ##...#.....##.†)######
#...............#
###.#.##........###
#...#.##.....#..# #
##(...(.@g.......# #######
#...##).#.....#..#
......###......#......#...
...##.......####.#.##.#.....#.#
#####......## #.#.# ###...#.#
######†.#.## ##...# ........#
#.........# #...## #.......
#........## #.#.# #.<.?.#
#.........#####...# #?....#


You could see a gnoll.

Vanquished Creatures
  A gnoll bouda (D:3)
  An orc priest (D:3)
  Ijyb (D:3)
  An orc wizard (D:3)
  2 gnolls (D:3)
  An adder (D:2)
  A dart slug (D:1)
  3 orcs (D:3)
  2 ball pythons (D:3)
  5 endoplasms
  6 giant cockroaches
  6 goblins
  8 hobgoblins
  2 quokkas (D:3)
  8 bats
  3 frilled lizards
  7 kobolds
  7 rats
65 creatures vanquished.

Notes
Turn   | Place    | Note
-------+----------+-------------------------------------------
     0 | D:1      | rjrrt the Hill Orc Fighter began the quest for the Orb.
     0 | D:1      | Reached XP level 1. HP: 19/19 MP: 1/1
    21 | D:1      | Reached skill level 3 in Axes
    26 | D:1      | Reached XP level 2. HP: 24/27 MP: 2/2
   237 | D:1      | Reached XP level 3. HP: 28/33 MP: 3/3
   719 | D:2      | Reached skill level 4 in Axes
   851 | D:2      | Found Datateco's Magic Scroll Shop.
   866 | D:2      | Bought a scroll of teleportation for 39 gold pieces
   866 | D:2      | Bought a scroll of identify for 26 gold pieces
  1040 | D:2      | Found Waefok's General Store.
  1189 | D:2      | Reached XP level 4. HP: 40/40 MP: 4/4
  1285 | D:3      | Reached XP level 5. HP: 10/47 MP: 5/5
  1596 | D:3      | Noticed Ijyb
  1611 | D:3      | Killed Ijyb
  1685 | D:3      | Reached skill level 5 in Axes
  1927 | D:3      | HP: 2/47 [constriction[a gnoll bouda] (5)]
  1927 | D:3      | Constricted to death by a gnoll

Illustrated notes

Levels and vault maps discovered:
D:1:      lemuel_arrival_funnel, layout_basic, minmay_tetromino_t2
D:2:      layout_basic, serial_shops, nicolae_square_shop, shop
D:3:      layout_rooms, st_stairs_14, grunt_ministairs_5, uniq_terence,
          uniq_ijyb

Skill      XL: |  1  2  3  4  5 |
---------------+----------------+-----
Axes           | 3 4 5 |  5.3
Fighting       | 4 |  4.7
Armour         | 4 |  4.2
Shields        | 4 |  4.2

Action                     |  1- 3 |  4- 6 || total
---------------------------+-------+-------++-------
  Melee: War axe           |   112 |    61 ||   173
    Use: Scroll            |     4 |     1 ||     5
         Potion            |       |     3 ||     3
 Armour: Scale mail        |    65 |    30 ||    95
  Dodge: Dodged            |    55 |    31 ||    86
  Block: Buckler           |    27 |    13 ||    40

Table legend: (Time is in decaauts)
 A = Elapsed time spent in this place.
 B = Non-inter-level travel time spent in this place.
 C = Inter-level travel time spent in this place.
 D = Time resting spent in this place.
 E = Time spent auto-exploring this place.
 F = Levels seen in this place.
 G = Mean time per level.
                   A        B        C        D        E       F      G
               +--------+--------+--------+--------+--------+-----+--------+
         Total |   1984 |   1939 |     45 |    269 |   1054 |   3 |  661.3 |
       Dungeon |   1984 |   1939 |     45 |    269 |   1054 |   3 |  661.3 |
               +--------+--------+--------+--------+--------+-----+--------+

Top non-repeatable levels by time:
     D:2: 744 daAuts
     D:3: 699 daAuts
     D:1: 540 daAuts
